 Dungeon Crawl Stone Soup version 0.28-a0-1002-gf00fe891ef (webtiles) character file.

Game seed: 6202477119825793768

97 Umoon the Ducker (level 4, -2/35 HPs)
             Began as a Demonspawn Gladiator on Dec 6, 2021.
             Was an Initiate of Ru.
             Slain by a goblin (3 damage)
             ... led by Robin
             ... on level 3 of the Dungeon.
             The game lasted 00:01:58 (2595 turns).

Umoon the Ducker (Demonspawn Gladiator)             Turns: 2595, Time: 00:01:58

Health: -2/35      AC:  4    Str: 16    XL:     4   Next: 42%
Magic:  4/4        EV: 12    Int: 10    God:    Ru [......]
Gold:   55         SH:  4    Dex: 14    Spells: 3/3 levels left

rFire   . . .      SeeInvis .   a - +0 rapier
rCold   . . .      Faith    .   (no shield)
rNeg    . . .      Spirit   .   b - +0 leather armour
rPois   .          Reflect  .   c - +0 helmet
rElec   .          Harm     .   (no cloak)
rCorr   .          Rampage  .   (no gloves)
Will    .....                   (no boots)
Stlth   +.........              (no amulet)
HPRegen 0.11/turn               (no ring)
MPRegen 0.09/turn               (no ring)

@: no status effects
A: large bone plates 1, powered by pain 1
a: Renounce Religion


You were on level 3 of the Dungeon.
You worshipped Ru.
Ru was noncommittal.
You visited 1 branch of the dungeon, and saw 3 of its levels.

You collected 55 gold pieces.

Inventory:

Hand Weapons
 a - a +0 rapier (weapon)
Missiles
 d - 3 throwing nets (quivered)
Armour
 b - a +0 leather armour (worn)
 c - a +0 helmet (worn)
Scrolls
 f - a scroll of torment {unknown}
 g - a scroll of enchant weapon {unknown}
 h - a scroll of identify {unknown}
Potions
 e - a potion of haste {unknown}
 i - a potion of degeneration {unknown}


   Skills:
 + Level 3.1 Fighting
 - Level 2.6 Short Blades
 - Level 1.7 Throwing
 + Level 2.0 Armour
 + Level 3.5 Dodging


You had 3 spell levels left.
You didn't know any spells.
Your spell library contained the following spells:

 Spells                   Type           Power      Damage    Failure   Level
 Blink                    Tloc           0%         N/A       56%         2
 Lesser Beckoning         Tloc           0%         N/A       80%         3
 Manifold Assault         Tloc           0%         N/A       100%        5


Dungeon Overview and Level Annotations

Branches:
Dungeon (3/15)

Altars:
Fedhas
Ru
Sif Muna
Wu Jian
Yredelemnul

Annotations:
D:3 Robin


Innate Abilities, Weirdness & Mutations

You are partially covered in large bone plates. (SH +4)
You sometimes gain a little power by taking damage.


Message History

The hobgoblin closely misses you. Robin throws the goblin at you!
The goblin barely misses you.
A frilled lizard comes into view.
The goblin closely misses you. The goblin barely misses you.
The goblin closely misses you.
You hit the hobgoblin.
You kill the hobgoblin!
The goblin hits you but does no damage. You block the goblin's attack.
The goblin hits you with a +0 club. The goblin misses you.
You barely miss the goblin.
Robin roars a battlecry!
The goblin goes into a battle-frenzy!
The goblin completely misses you. You block the hobgoblin's attack.
The goblin barely misses you. You block the goblin's attack.
The goblin hits you with a +0 club.
Unknown command.
You closely miss the goblin. The goblin closely misses you.
The hobgoblin closely misses you. The goblin hits you with a +0 club.
The goblin barely misses you. x2
You closely miss the goblin. The goblin hits you but does no damage.
The hobgoblin barely misses you. The goblin closely misses you.
The goblin barely misses you. You block the goblin's attack.
You hit the goblin but do no damage. The goblin barely misses you.
The hobgoblin hits you but does no damage.
The goblin closely misses you. The goblin barely misses you.
The goblin hits you with a +0 club.
Unknown command.
You closely miss the goblin.
The hobgoblin no longer looks unusually strong.
The goblin hits you with a +0 club.
* * * LOW HITPOINT WARNING * * *
The hobgoblin closely misses you. The goblin barely misses you.
The goblin hits you but does no damage. The goblin hits you with a +0 club.
* * * LOW HITPOINT WARNING * * *
You hit the goblin.
You kill the goblin!
The goblin hits you with a +0 club.
* * * LOW HITPOINT WARNING * * *
The hobgoblin barely misses you. The goblin hits you with a +0 club.
You die... ...#... ..... ..... ... ggl

##S#######
#ggg...... #)@#
#)g##
##...#####.##
#<...........
######...#.###.##
...........#
#####..######.
#.........
##.#######


You could see Robin, 2 hobgoblins, 3 goblins, a ball python and a frilled
lizard.

Vanquished Creatures
  Jessica (D:3)
  3 adders (D:2)
  2 worms (D:2)
  A dart slug (D:1)
  An orc (D:3)
  2 bats
  2 endoplasms
  2 giant cockroaches
  6 goblins
  A hobgoblin (D:3)
  6 kobolds
  3 quokkas
  2 ball pythons
  4 frilled lizards
  A rat (D:3)
37 creatures vanquished.

Notes
Turn   | Place    | Note
-------+----------+-------------------------------------------
     0 | D:1      | Umoon the Demonspawn Gladiator began the quest for the Orb.
     0 | D:1      | Reached XP level 1. HP: 16/16 MP: 1/1
   518 | D:1      | Gained mutation: You are partially covered in large bone
                  | plates. (SH +4) [demonic ancestry]
   518 | D:1      | Reached XP level 2. HP: 19/22 MP: 2/2
   590 | D:1      | Found a faded altar of an unknown god.
  1350 | D:2      | Reached skill level 1 in Armour
  1426 | D:2      | Reached XP level 3. HP: 28/28 MP: 3/3
  2222 | D:3      | Found a blossoming altar of Fedhas.
  2222 | D:3      | Found an ornate altar of the Wu Jian Council.
  2222 | D:3      | Found a shimmering blue altar of Sif Muna.
  2222 | D:3      | Found a basalt altar of Yredelemnul.
  2222 | D:3      | Found a sacrificial altar of Ru.
  2235 | D:3      | Became a worshipper of Ru the Awakened
  2339 | D:3      | Noticed Jessica
  2344 | D:3      | Killed Jessica
  2345 | D:3      | Gained mutation: You sometimes gain a little power by
                  | taking damage. [demonic ancestry]
  2345 | D:3      | Reached XP level 4. HP: 18/35 MP: 4/4
  2579 | D:3      | Noticed Robin
  2595 | D:3      | HP: 1/35 [goblin[Robin] (5)]
  2595 | D:3      | Slain by a goblin

Illustrated notes

Levels and vault maps discovered:
D:1:      tarquinn_simple_flora_water_c, layout_loops_corners,
          shapermc_ecumenical_altar_notcrosses, chequers_garden
D:2:      layout_loops_cross
D:3:      layout_loops_corners, grunt_temple_overflow_open,
          gammafunk_ghost_nasty_kobolds, kennysheep_doodads,
          minmay_misc_feat_secret_circle, uniq_robin, uniq_jessica

Skill      XL: |  1  2  3  4 |
---------------+-------------+-----
Dodging        | 3 |  3.5
Armour         | 1 2 |  2.0
Fighting       | 3 |  3.1
Short Blades   | |  2.6
Throwing       | |  1.7

Action                   |  1- 3 |  4- 6 || total
-------------------------+-------+-------++-------
Melee: Rapier            |   115 |    22 ||   137
 Stab: Sleeping          |     1 |       ||     1
Armor: Leather armour    |    31 |    12 ||    43
Dodge: Dodged            |    64 |    31 ||    95
Block: Other             |    21 |    10 ||    31

Table legend: (Time is in decaauts)
 A = Elapsed time spent in this place.
 B = Non-inter-level travel time spent in this place.
 C = Inter-level travel time spent in this place.
 D = Time resting spent in this place.
 E = Time spent auto-exploring this place.
 F = Levels seen in this place.
 G = Mean time per level.
                   A        B        C        D        E       F      G
               +--------+--------+--------+--------+--------+-----+--------+
         Total |   2603 |   2585 |     18 |    422 |   1862 |   3 |  867.7 |
       Dungeon |   2603 |   2585 |     18 |    422 |   1862 |   3 |  867.7 |
               +--------+--------+--------+--------+--------+-----+--------+

Top non-repeatable levels by time:
     D:1: 1345 daAuts
     D:2: 884 daAuts
     D:3: 374 daAuts
